 Dungeon Crawl Stone Soup version 0.26.1-10-gdfb7c7de75 (webtiles) character file.

Game seed: 17661208777109038277

10118 MajorAdolf the Skirmisher (level 11, -5/100 HPs)
             Began as a Naga Wanderer on Apr 6, 2021.
             Was an Initiate of Gozag.
             Slain by a moth of wrath (17 damage)
             ... in a Gauntlet.
             The game lasted 00:35:34 (18706 turns).

MajorAdolf the Skirmisher (Naga Wanderer)          Turns: 18706, Time: 00:35:35

Health: -5/100     AC: 16    Str: 20    XL:     11   Next: 57%
Magic:  14/14      EV:  8    Int: 14    God:    Gozag
Gold:   75         SH: 16    Dex:  9    Spells: 14/14 levels left

rFire    + . .     SeeInvis +   z - +5 broad axe (freeze)
rCold    + . .     Faith    .   q - +1 tower shield
rNeg     . . .     Spirit   .   N - +4 ring mail of Pathos {rF+ Will+ Str+2}
rPois    +         Reflect  .   H - +0 helmet
rElec    .         Harm     .   (no cloak)
rCorr    .         Rampage  .   (no gloves)
Will     ++...     NoTele   +   (no barding)
Stlth    +.........             (no amulet)
HPRegen  0.26/turn              i - +4 ring of protection
MPRegen  0.14/turn              p - ring of protection from cold

@: very slow
A: large, see invisible, deformed body, poison resistance, slowness 2, spit
poison 1, AC +3
a: Spit Poison, Renounce Religion, Potion Petition, Call Merchant, Bribe Branch


You were in a Gauntlet.
You worshipped Gozag.
Gozag was noncommittal.
You visited 3 branches of the dungeon, and saw 13 of its levels.
You also visited: Gauntlet.

You collected 1359 gold pieces.
You spent 1152 gold pieces at shops.
You paid 132 gold pieces to Gozag.

Inventory:

Hand Weapons
 u - a +1 dagger of venom
 z - a +5 broad axe of freezing (weapon)
 J - a +0 demon whip of venom
 M - the +5 hand axe of Fortitude {vorpal, rF+ Stlth+}
   (You took it off an orc priest on level 9 of the Dungeon)

   It inflicts extra damage upon your enemies.
   It protects you from fire.
   It makes you more stealthy.
Armour
 q - a +1 tower shield (worn)
 H - a +0 helmet (worn)
 N - the +4 ring mail of Pathos (worn) {rF+ Will+ Str+2}
   (You bought it in a shop on level 5 of the Dungeon)

   It affects your strength (+2).
   It protects you from fire.
   It affects your willpower, your defense against some magical effects.
Jewellery
 a - a +6 ring of dexterity
 i - a +4 ring of protection (left hand)
 p - a ring of protection from cold (right hand)
 x - an uncursed ring of ice
Wands
 k - a wand of digging (2)
 m - a wand of flame (20)
 y - a wand of iceblast (5)
 B - a wand of random effects (14)
 G - a wand of acid (3)
Scrolls
 b - 4 scrolls of enchant armour
 d - 7 scrolls of immolation
 h - 5 scrolls of remove curse
 r - a scroll of fog
 s - 4 scrolls of teleportation
 v - 3 scrolls of identify
 F - a scroll of amnesia
Potions
 c - 2 potions of brilliance
 f - 2 potions of haste
 g - 3 potions of lignification {unknown}
 l - 4 potions of resistance
 n - a potion of heal wounds {unknown}
 o - 2 potions of cancellation {unknown}
 t - a potion of invisibility {unknown}
 w - a potion of magic {unknown}
 A - 4 potions of curing {unknown}
 C - 2 potions of mutation {unknown}
 D - a potion of degeneration {unknown}
 E - a potion of attraction {unknown}
 I - a potion of flight {unknown}


   Skills:
 + Level 7.5 Fighting
 + Level 7.3(7.6) Axes
 - Level 3.0(5.5) Maces & Flails
 + Level 6.2 Armour
 + Level 6.1 Dodging
 - Level 1.5 Stealth
 + Level 6.1 Shields
 - Level 2.0 Spellcasting
 - Level 1.0 Conjurations
 + Level 6.6 Evocations


You had 14 spell levels left.
You didn't know any spells.
Your spell library contained the following spells:

 Spells                   Type           Power        Failure   Level
 Magic Dart               Conj           16%          86%         1
 Freeze                   Ice            4%           94%         1
 Sting                    Tmut/Pois      4%           94%         1
 Summon Small Mammal      Summ           4%           94%         1
 Blink                    Tloc           N/A          98%         2
 Call Imp                 Summ           1%           98%         2
 Slow                     Hex            1%           98%         2
 Conjure Flame            Conj/Fire      2%           99%         3
 Call Canine Familiar     Summ           1%           100%        3
 Frozen Ramparts          Ice            2%           100%        3
 Mephitic Cloud           Conj/Pois/Air  2%           100%        3
 Ozocubu's Armour         Ice            1%           100%        3
 Summon Guardian Golem    Hex/Summ       1%           100%        3
 Hailstorm                Conj/Ice       2%           100%        4
 Summon Ice Beast         Ice/Summ       1%           100%        4
 Summon Lightning Spire   Summ/Air       1%           100%        4


Dungeon Overview and Level Annotations

Branches:
Dungeon (11/15)            Temple (1/1) D:7            Lair (1/6) D:10
Gauntlet (1/1)
    Orc: D:9-12

Altars:
Ashenzari
Cheibriados
Dithmenos
Elyvilon
Fedhas
Gozag
Hepliaklqana
Kikubaaqudgha
Makhleb
Nemelex Xobeh
Okawaru
Qazlal
Ru
Sif Muna
Trog
Uskayaw
Vehumet
Wu Jian
Xom
Yredelemnul
Zin
The Shining One

Shops:
D:5 *!?(*   D:6 *   D:8 :

Annotations:
Lair:1 Fannar Gauntlet 11 transporters, 1 runed translucent door


Innate Abilities, Weirdness & Mutations

You cannot wear boots.
Your serpentine skin is tough. (AC +3)
You have supernaturally acute eyesight. (SInv)
Armour fits poorly on your strangely shaped body.
Your system is resistant to poisons. (rPois)
You cover ground very slowly.
You can spit poison.


Message History

Unknown command.
Aiming: Corrosive Bolt
Press: ? - help, Shift-Dir - straight line, f - redback
Aim: a redback (heavily wounded, berserk, 33% to evade)
The bolt of acid hits the redback!
The redback is splashed with acid.
You kill the redback!
Unknown command.
You closely miss the moth of wrath.
The moth of wrath is severely wounded.
You block the moth of wrath's attack. The moth of wrath barely misses you.
Unknown command.
You hit the moth of wrath. You freeze the moth of wrath.
The moth of wrath is severely wounded.
You block the moth of wrath's attack.
Unknown command.
You hit the moth of wrath. You freeze the moth of wrath.
The moth of wrath is severely wounded.
The moth of wrath bites you!
You die...
Your body crumbles into a pile of gold.

#§....................8...
##.8.....8.....8..........
#≈...............#########
##...#########...#...#....
#≈...#.......#...#..#..##.
##...#.#+###?#####..##..#.
#≈...#.#..≈#.#...#..#..##.
##.8©#.#.©≈#©#©8©#..##©.#.
#§...#.#$@≈#(#...#..#..##.
##§..#.#y###"#####..##..#.
#§§..#.......#...#Z.#..##.
##§..#########...#kZ.#....
#≈...............#########
##.8.....8.....8..........
##.....................8...
#≈...###########...........
##...#2445.....#...########


You could see a moth of wrath.

Vanquished Creatures
  2 cyclopes (D:11)
  An ugly thing (D:11)
  A deep elf mage (D:11)
  A centaur zombie (D:10)
  2 gargoyles
  A hornet (D:11)
  A troll (D:10)
  Prince Ribbit (D:9)
  4 redbacks (Gauntlet)
  A basilisk (Lair:1)
  9 yaks
  4 orc warriors
  A phantom (D:5)
  2 sky beasts
  5 ice beasts
  An eye of draining (D:10)
  A necrophage (D:10)
  6 ogres
  3 centaurs
  A wolf (D:10)
  4 bullfrogs
  A wyvern zombie (D:10)
  2 gnoll sergeants
  A scorpion (D:6)
  9 wights
  5 howler monkeys
  3 electric eels (D:10)
  A quasit (D:8)
  9 orc priests
  A gnoll shaman (D:5)
  5 hounds (D:10)
  4 jellies
  2 bullfrog skeletons
  Natasha (thrice) (D:3)
  Ijyb (D:5)
  13 orc wizards
  5 worker ants
  A hound zombie (D:10)
  17 gnolls
  13 adders
  A shadow imp (D:5)
  4 white imps
  3 ufetubi
  2 adder zombies (D:8)
  An adder skeleton (D:7)
  3 worms
  2 dart slugs
  8 leopard geckos
  38 orcs
  9 bats
  11 giant cockroaches
  6 hobgoblins
  8 jackals
  5 quokkas
  A ball python (D:2)
  3 frilled lizards (D:1)
  7 goblins
  A jackal skeleton (D:5)
  9 kobolds
  A quokka skeleton (D:5)
  6 rats
277 creatures vanquished.

Vanquished Creatures (others)
  An orc wizard (D:9)
  6 plants (D:9)
7 creatures vanquished.

Grand Total: 284 creatures vanquished

Notes
Turn   | Place    | Note
-------+----------+-------------------------------------------
     0 | D:1      | MajorAdolf the Naga Wanderer began the quest for the Orb.
     0 | D:1      | MajorAdolf set off with the following items: a +2 mace, a
                  | +0 hand crossbow, 28 bolts, a +0 robe; and the following
                  | spell memorised: Sting; and the following spells available
                  | to memorise: Mephitic Cloud
     0 | D:1      | Reached XP level 1. HP: 18/18 MP: 3/3
   205 | D:1      | Reached XP level 2. HP: 8/25 MP: 5/5
  1185 | D:1      | Reached XP level 3. HP: 30/31 MP: 6/6
  1222 | D:1      | You fall into a shaft and drop 1 floor!
  1250 | D:2      | Reached skill level 1 in Axes
  1508 | D:2      | Found a shimmering altar of Xom.
  1805 | D:2      | Reached skill level 1 in Dodging
  2100 | D:2      | Reached skill level 1 in Shields
  2269 | D:3      | Reached XP level 4. HP: 38/39 MP: 7/7
  2535 | D:3      | Reached XP level 5. HP: 41/45 MP: 8/8
  3173 | D:3      | Noticed Natasha
  3405 | D:3      | Killed Natasha
  3758 | D:2      | Reached XP level 6. HP: 51/55 MP: 9/9
  3856 | D:3      | Noticed Natasha
  3871 | D:3      | Killed Natasha
  3900 | D:3      | Noticed Natasha
  3953 | D:3      | Killed Natasha
  4051 | D:3      | Found an ancient bone altar of Kikubaaqudgha.
  4222 | D:3      | Found a bloodstained altar of Trog.
  5099 | D:4      | Reached XP level 7. HP: 53/62 MP: 10/10
  5752 | D:5      | Entered Level 5 of the Dungeon
  5999 | D:5      | Found Sitsointoq's Magic Scroll Shop.
  6009 | D:5      | Found Quoqunur's General Store.
  6011 | D:5      | Noticed Ijyb
  6219 | D:5      | Killed Ijyb
  6630 | D:5      | Found Zeasocku's Distillery.
  6958 | D:5      | Reached XP level 8. HP: 38/72 MP: 11/11
  7154 | D:5      | Found Vamed's Antique Weapon Emporium.
  7537 | D:5      | Found a glowing golden altar of the Shining One.
  7556 | D:5      | Found Ybbo's General Store.
  8332 | D:6      | Found Iraidej's Assorted Antiques.
  9682 | D:7      | Reached XP level 9. HP: 78/79 MP: 12/12
  9698 | D:7      | Found a sacrificial altar of Ru.
 10204 | D:7      | Reached skill level 5 in Fighting
 10463 | D:7      | Found a glowing golden altar of the Shining One.
 10758 | D:7      | Found a glowing golden altar of the Shining One.
 10811 | D:7      | Found a staircase to the Ecumenical Temple.
 10827 | Temple   | Entered the Ecumenical Temple
 10921 | Temple   | Became a worshipper of Gozag Ym Sagoz the Greedy
 11092 | D:6      | Bought a brass wand for 88 gold pieces
 11092 | D:6      | Bought an encrusted bone wand for 88 gold pieces
 11168 | D:8      | Found a burning altar of Makhleb.
 11190 | D:7      | Reached skill level 5 in Axes
 12117 | D:8      | Found an ornate altar of the Wu Jian Council.
 12166 | D:8      | Found Denybb's Book Shoppe.
 13134 | D:9      | Found a white marble altar of Elyvilon.
 13159 | D:9      | Noticed Prince Ribbit
 13214 | D:9      | Reached XP level 10. HP: 12/91 MP: 13/13
 13217 | D:9      | HP: 4/91 [yak (6)]
 13574 | D:9      | Identified the +3 mace "Xouqemak" {pain, Str+5}
 13576 | D:9      | Identified the +2 trident "Ecrua" {protect, rC+ Str+7}
 13587 | D:9      | Identified the +5 hand axe of Fortitude {vorpal, rF+
                  | Stlth+}
 13603 | D:9      | Reached skill level 5 in Armour
 13808 | D:9      | Reached skill level 5 in Evocations
 14044 | D:9      | Found a blossoming altar of Fedhas.
 14171 | D:9      | Killed Prince Ribbit
 14172 | D:9      | Reached skill level 5 in Shields
 14293 | D:9      | Found a shimmering altar of Xom.
 14383 | D:9      | Reached skill level 5 in Dodging
 14693 | D:9      | Found an iron altar of Okawaru.
 14733 | D:9      | Found a hazy altar of Hepliaklqana.
 14785 | D:5      | Bought the +4 ring mail of Pathos {rF+ Will+ Str+2} for 573
                  | gold pieces
 15019 | D:6      | Bought a sedimented pink potion for 19 gold pieces
 15054 | D:5      | Bought a scroll of fog for 22 gold pieces
 15054 | D:5      | Bought a scroll of teleportation for 33 gold pieces
 15159 | D:10     | Entered Level 10 of the Dungeon
 15841 | D:10     | Noticed a gargoyle
 15861 | D:10     | Killed a gargoyle
 16082 | D:10     | Reached XP level 11. HP: 86/99 MP: 14/14
 16143 | D:10     | Found a staircase to the Lair.
 16664 | D:11     | Noticed a cyclops
 16684 | D:11     | Killed a cyclops
 17047 | D:11     | Noticed a cyan ugly thing
 17061 | D:11     | Killed a cyan ugly thing
 17433 | D:11     | Noticed a cyclops
 17474 | D:11     | Killed a cyclops
 17503 | D:11     | Noticed a deep elf mage
 17730 | D:11     | Noticed a boulder beetle
 18059 | D:11     | Killed a deep elf mage
 18292 | D:6      | Bought a scroll of enchant weapon for 165 gold pieces
 18328 | D:5      | Bought a scroll of enchant weapon for 82 gold pieces
 18328 | D:5      | Bought a scroll of enchant weapon for 82 gold pieces
 18409 | Lair:1   | Entered Level 1 of the Lair of Beasts
 18437 | Lair:1   | Found a gate leading to a gauntlet.
 18442 | Lair:1   | Noticed Fannar
 18446 | Gauntlet | Entered a Gauntlet
 18446 | Gauntlet | Found a transporter.
 18452 | Gauntlet | Noticed a reaper
 18502 | Gauntlet | Found a runed translucent door.
 18504 | Gauntlet | Found a transporter.
 18506 | Gauntlet | Found a transporter.
 18507 | Gauntlet | Found a transporter.
 18507 | Gauntlet | Noticed a moth of wrath
 18510 | Gauntlet | Found a transporter.
 18510 | Gauntlet | Found a runed translucent door.
 18515 | Gauntlet | Found a transporter.
 18515 | Gauntlet | Noticed a wizard
 18516 | Gauntlet | Noticed a wizard
 18517 | Gauntlet | Noticed a death drake
 18519 | Gauntlet | Found a transporter.
 18522 | Gauntlet | Found a transporter.
 18538 | Gauntlet | Noticed a sixfirhy
 18539 | Gauntlet | Found a transporter.
 18540 | Gauntlet | Noticed a sixfirhy
 18546 | Gauntlet | Noticed a sixfirhy
 18559 | Gauntlet | Found a transporter.
 18563 | Gauntlet | Found a transporter.
 18571 | Gauntlet | Found a transporter.
 18706 | Gauntlet | Slain by a moth of wrath

Illustrated notes

Levels and vault maps discovered:
D:1:      dpeg_arrival_renting, layout_loops_ring
D:2:      layout_rooms, old_standard_altar, minmay_stone_trees_small
D:3:      layout_basic, nicolae_overflow_hidden_temple, bloody_trog,
          uniq_natasha
D:4:      cheibrodos_old_hovel, layout_loops_corners
D:5:      layout_loops_ring, serial_shops, nicolae_shop_behind_doors, shop,
          shop, kennysheep_mini_moat, shop, basic_altar, uniq_ijyb
D:6:      layout_cave_pools, serial_shops, nicolae_shop_waterfront
D:7:      layout_cave_pools, overflow_temple_1_default,
          nicolae_ru_sacrificial_ziggurat, temple_green, tso_altar
D:8:      layout_rooms, lemuel_crystal_altar, lemuel_coloured_pillars_altar,
          serial_shops, nicolae_shop_trees
D:9:      layout_gridville, fedhas_ov_isle_minmay, elyvilon_altar_5,
          nzn_hepliaklqana_mist_gate, basic_altar, okawaru_ov_weapons_minmay,
          uniq_prince_ribbit1
D:10:     layout_gridville, erik_lair_island
D:11:     minmay_cut_squares, layout_gridville, nrook_mini_vaults, uniq_erolcha,
          uniq_sonja
Temple:   nicolae_temple_hex_pool
Lair:1:   layout_long_grid, gauntlet_entry_generic, minmay_lair_oklob_items,
          lemuel_fruit_tree, uniq_nergalle, uniq_fannar
Gauntlet: minmay_gauntlet_mixed_oops_all_seconds
          [minmay_gauntlet_arena_77_chump_sandwich,
          nicolae_gauntlet_arena_t_cross, minmay_gauntlet_arena_77_shame_cube,
          gammafunk_gauntlet_arena_grid, minmay_gauntlet_arena_77_broken_ladder,
          gammafunk_gauntlet_arena_teeth,
          nicolae_gauntlet_exit_dead_adventurers]

Skill      XL: |  1  2  3  4  5  6  7  8  9 10 11 |
---------------+----------------------------------+-----
Axes           | 1 2 3 4 5 6 7 |  7.3
Dodging        | 1 2 3 4 5 6 |  6.1
Shields        | 1 2 3 4 5 6 |  6.1
Fighting       | 2 3 4 5 6 7 |  7.5
Armour         | 2 3 4 5 6 |  6.2
Evocations     | 3 4 5 6 |  6.6
Maces & Flails | |  3.0
Stealth        | |  1.5
Spellcasting   | |  2.0
Conjurations   | |  1.0

Action                   |  1- 3 |  4- 6 |  7- 9 | 10-12 || total
-------------------------+-------+-------+-------+-------++-------
Melee: Mace              |    89 |   103 |   103 |       ||   295
       Dagger            |       |   114 |   602 |    65 ||   781
       Hand axe          |       |     5 |       |   339 ||   344
       Broad axe         |       |       |       |    13 ||    13
 Cast: Sting             |     2 |       |       |       ||     2
 Abil: Spit Poison       |    19 |    16 |    19 |    12 ||    66
Evoke: Wand              |       |       |     1 |    19 ||    20
  Use: Scroll            |       |     7 |     6 |     9 ||    22
       Potion            |       |       |     1 |       ||     1
 Stab: Sleeping          |     3 |     1 |       |       ||     4
       Distracted        |       |       |       |     2 ||     2
Armor: Robe              |    18 |    17 |       |       ||    35
       Chain mail        |       |    67 |       |       ||    67
       Scale mail        |       |    41 |    26 |       ||    67
       Ring mail         |       |       |   280 |    93 ||   373
Dodge: Dodged            |    50 |    21 |   120 |    75 ||   266
Block: Tower shield      |    16 |   156 |   635 |   264 ||  1071
